 Dungeon Crawl Stone Soup version 0.29.1-15-g9cfb28693d (webtiles) character file.

Game seed: 14928470761672484785

936 Eitelfritz the Slasher (level 7, -10/61 HPs)
             Began as a Minotaur Gladiator on Apr 29, 2023.
             Was an Initiate of Wu Jian.
             Mangled by Menkaure (14 damage)
             ... on level 4 of the Dungeon.
             The game lasted 00:07:53 (4733 turns).

Eitelfritz the Slasher (Minotaur Gladiator)         Turns: 4733, Time: 00:07:54

Health: -10/61     AC:  4    Str: 19    XL:     7   Next: 87%
Magic:  6/6        EV: 13    Int:  7    God:    Wu Jian [......]
Gold:   167        SH:  0    Dex: 11    Spells: 6/6 levels left

rFire   . . .      SeeInvis .   a - +0 long sword
rCold   . . .      Faith    .   (no shield)
rNeg    . . .      Spirit   .   r - +0 leather armour
rPois   .          Reflect  .   c - +0 hat
rElec   .          Harm     .   p - +0 cloak
rCorr   .          Rampage  .   (no gloves)
Will    +....                   (no boots)
Stlth   ++........              (no amulet)
HPRegen 0.20/turn               i - ring of willpower
MPRegen 0.10/turn               (no ring)

@: no status effects
A: horns 2, retaliatory headbutt
a: Renounce Religion


You were on level 4 of the Dungeon.
You worshipped Wu Jian.
Wu Jian was noncommittal.
You visited 2 branches of the dungeon, and saw 5 of its levels.

You collected 167 gold pieces.

Inventory:

Hand Weapons
 a - a +0 long sword (weapon)
 b - a +0 sling
 m - a +1 flail of draining
Missiles
 e - a javelin (quivered)
 s - 3 boomerangs
Armour
 c - a +0 hat (worn)
 p - a +0 cloak (worn)
 r - a +0 leather armour (worn)
Jewellery
 i - a ring of willpower (left hand)
Potions
 f - 2 potions of curing
 g - a potion of brilliance {unknown}
 j - a potion of mutation
 k - a potion of lignification {unknown}
 n - a potion of attraction {unknown}
 q - a potion of flight {unknown}


   Skills:
 + Level 5.0 Fighting
 + Level 7.8 Long Blades
 + Level 2.4 Throwing
 + Level 4.2 Armour
 + Level 5.0 Dodging
 + Level 1.9 Stealth


You had 6 spell levels left.
You didn't know any spells.
Your spell library contained the following spells:

 Spells                   Type           Power      Damage    Failure   Level
 Dazzling Flash           Conj/Hex       0%         N/A       85%         3
 Ignite Poison            Fire/Tmut/Pois 0%         N/A       85%         3
 Inner Flame              Hex/Fire       0%         N/A       85%         3
 Mephitic Cloud           Conj/Pois/Air  0%         N/A       85%         3
 Cause Fear               Hex            0%         N/A       99%         4
 Iskenderun's Mystic Bla  Conj/Tloc      0%         2d3       99%         4
 Freezing Cloud           Conj/Ice/Air   0%         6-21      100%        5
 Starburst                Conj/Fire      0%         6d3       100%        6
 Discord                  Hex            0%         N/A       100%        8


Dungeon Overview and Level Annotations

Branches:
Dungeon (4/15)             Temple (1/1) D:4

Altars:
Ashenzari
Cheibriados
Dithmenos
Gozag
Hepliaklqana
Kikubaaqudgha
Makhleb
Nemelex Xobeh
Qazlal
Ru
Sif Muna
Trog
Uskayaw
Vehumet
Wu Jian
Xom
Zin
The Shining One

Annotations:
D:4 Menkaure


Innate Abilities, Weirdness & Mutations

You have a pair of horns on your head.
You reflexively headbutt those who attack you in melee.


Message History

There is an open door here.
You open the door.
There is an open door here.
You open the door.
There is an open door here.
You pick up a Trismegistus Codex and begin reading...
You add the spells Ignite Poison, Mephitic Cloud and Freezing Cloud to your library.
f - 2 potions of curing
Found a stone staircase leading up.
You now have 167 gold pieces (gained 14).
You see here a +2 war axe of freezing.
You see here a +2 war axe of freezing.
Menkaure, Prince of Dust comes into view.
Menkaure shouts!
You barely miss Menkaure. Menkaure hits you!
You hit Menkaure but do no damage. Menkaure closely misses you.
You barely miss Menkaure. You headbutt Menkaure!
Menkaure is heavily damaged.
Menkaure mumbles some strange words.
Menkaure seems to speed up.
Throw: throwing net
Press: ? - help, Q - select action, (/) - cycle Shift-Dir - straight line, f - Menkaure
Aim: Menkaure (heavily damaged, fast, 74% to hit)
You throw a throwing net.
The throwing net barely misses Menkaure.
Menkaure barely misses you.
You hit Menkaure but do no damage.
Menkaure is heavily damaged.
Menkaure hits you!!
You hit Menkaure but do no damage.
Menkaure is heavily damaged.
Menkaure hits you!
You hit Menkaure but do no damage.
Menkaure is heavily damaged.
Menkaure hits you!
* * * LOW HITPOINT WARNING * * *
You hit Menkaure but do no damage.
Menkaure is heavily damaged.
Menkaure hits you!
You die...

# ##.......# #.
#...###### #. ##..#
#. ##)# #. ## #.# #.
.. #.# #. #.## #.# #.
#...###.## #.
#...@....# #.
#.#M###..# #. #. #..#
#.
#.###..###########.
.#..................
#........############
#.######.# #<# #.#


You could see Menkaure (fast).

Vanquished Creatures
  Pikel (D:4)
  Grinder (D:4)
  2 lemures (D:4)
  Crazy Yiuf (D:2)
  A hound (D:4)
  Ijyb (D:4)
  An orc wizard (D:3)
  Robin (D:3)
  5 adders
  A worm (D:2)
  23 orcs
  4 endoplasms
  A giant cockroach (D:2)
  13 goblins
  12 hobgoblins
  4 jackals
  3 quokkas
  3 ball pythons
  3 bats (D:2)
  2 frilled lizards
  6 kobolds
  7 rats
96 creatures vanquished.

Notes
Turn   | Place    | Note
-------+----------+-------------------------------------------
     0 | D:1      | Eitelfritz the Minotaur Gladiator began the quest for the
                  | Orb.
     0 | D:1      | Reached XP level 1. HP: 18/18 MP: 0/0
    72 | D:1      | Reached skill level 4 in Long Blades
   260 | D:1      | Reached XP level 2. HP: 19/25 MP: 1/1
   907 | D:2      | Found a faded altar of an unknown god.
   930 | D:2      | Reached XP level 3. HP: 29/30 MP: 2/2
  1113 | D:2      | Reached skill level 1 in Armour
  1342 | D:2      | Found a runed translucent door.
  1343 | D:2      | Noticed Crazy Yiuf
  1579 | D:3      | Reached skill level 5 in Long Blades
  1585 | D:3      | Reached XP level 4. HP: 17/37 MP: 3/3
  1781 | D:3      | Found a burning altar of Makhleb.
  2676 | D:3      | Reached XP level 5. HP: 22/45 MP: 4/4
  2717 | D:3      | Noticed Robin
  2999 | D:3      | Killed Robin
  3558 | D:2      | Killed Crazy Yiuf
  3844 | D:4      | Reached skill level 6 in Long Blades
  3912 | D:4      | Noticed Ijyb
  3918 | D:4      | Noticed Grinder
  3965 | D:4      | HP: 1/46 [Ijyb/+2 spectral club (4)]
  3968 | D:4      | Killed Ijyb
  3969 | D:4      | Reached XP level 6. HP: 18/52 MP: 5/5
  3976 | D:4      | Killed Grinder
  3977 | D:4      | Reached skill level 1 in Stealth
  4270 | D:4      | Noticed Pikel
  4286 | D:4      | Killed Pikel
  4287 | D:4      | Reached skill level 5 in Fighting
  4287 | D:4      | Reached skill level 7 in Long Blades
  4287 | D:4      | Reached skill level 5 in Dodging
  4287 | D:4      | Reached XP level 7. HP: 5/61 MP: 6/6
  4581 | D:4      | Found a staircase to the Ecumenical Temple.
  4587 | Temple   | Entered the Ecumenical Temple
  4587 | Temple   | Found a transporter.
  4587 | Temple   | Found a transporter.
  4589 | Temple   | Found a transporter.
  4589 | Temple   | Found a transporter.
  4617 | Temple   | Became a worshipper of the Wu Jian Council
  4725 | D:4      | Noticed Menkaure
  4733 | D:4      | Mangled by Menkaure

Illustrated notes

Levels and vault maps discovered:
D:1:      heliophobic_arrival_battle_scene, layout_rooms, minmay_split_cup_small
D:2:      layout_basic, hellmonk_ecumenical_altar_arch_garden,
          uniq_crazy_yiuf_cottage
D:3:      layout_rooms, bloody_makhleb, kennysheep_decorative_pillar, uniq_robin
D:4:      layout_loops_ring, minmay_temple_entry_hall, uniq_menkaure, uniq_ijyb,
          uniq_pikel, uniq_grinder
Temple:   hellmonk_temple_divided_pantheon

Skill      XL: |  1  2  3  4  5  6 |
---------------+-------------------+-----
Long Blades    | 4 5 6 7 |  7.8
Armour         | 1 3 4 |  4.2
Fighting       | 3 5 |  5.0
Dodging        | 4 5 |  5.0
Stealth        | 1 |  1.9
Throwing       | |  2.4

Action                   |  1- 3 |  4- 6 |  7- 9 || total
-------------------------+-------+-------+-------++-------
Melee: Long sword        |    75 |   177 |     7 ||   259
       Headbutt          |     8 |    33 |     1 ||    42
       Punch             |       |     2 |       ||     2
Throw: Throwing net      |       |     5 |     1 ||     6
  Use: Scroll            |       |     4 |       ||     4
       Potion            |       |     3 |       ||     3
 Stab: Held in net/web   |       |     2 |       ||     2
Armor: Leather armour    |    27 |    42 |       ||    69
Dodge: Dodged            |    67 |   106 |     2 ||   175
